 Dungeon Crawl Stone Soup version 0.31-a0-460-g9e667d4245 (webtiles) character file.

Game seed: 133877386902403996

143 ytrimaz the Ruffian (level 5, 32/37 HPs)
             Began as a Demonspawn Shapeshifter on Aug 4, 2023.
             Quit the game on level 3 of the Dungeon.
             The game lasted 00:02:33 (2231 turns).

ytrimaz the Ruffian (Demonspawn Shapeshifter)       Turns: 2231, Time: 00:02:33

Health: 32/37      AC: 10    Str: 17    XL:     5   Next: 4%
Magic:  5/5        EV:  5    Int: 10    God:
Gold:   132        SH:  4    Dex: 13    Spells: 4/4 levels left

rFire   . .          .
                       - Unarmed
rCold   . . .        (no shield)
rNeg    . . .        j - +0 plate armour
rPois   .            (helmet currently unavailable)
rElec   .            (cloak currently unavailable)
rCorr   .            (gloves currently unavailable)
SInv    .            (boots currently unavailable)
Will    .....        (no amulet) Stlth
                     (no ring)
HPRegen 0.26/turn    (no ring)
MPRegen 0.09/turn

%: no passive effects
@: beast-form
A: beast (slay +2), condensation shield, demonic magic 1
a: Begin Untransformation


You were on level 3 of the Dungeon.
You were a hulking beast.
You visited 1 branch of the dungeon, and saw 3 of its levels.

You collected 132 gold pieces.


Innate Abilities, Weirdness & Mutations

You are a hulking beast.
Your limbs bulge with bestial killing power. (Slay +2)
A meltable shield of frost defends you. (SH +4)
Spells you cast may paralyse adjacent enemies.


   Skills:
 - Level 1.0 Fighting
 - Level 1.8 Dodging
 * Level 4.5 Unarmed Combat
 + Level 3.4 Shapeshifting


You had 4 spell levels left.
You didn't know any spells.
Your spell library contained the following spells:

 Spells                   Type           Power      Damage    Failure   Level
 Ensorcelled Hibernation  Hex/Ice        0%         N/A       100%        2
 Call Canine Familiar     Summ           0%         N/A       100%        3
 Portal Projectile        Hex/Tloc       0%         N/A       100%        3
 Anguish                  Hex/Necr       0%         N/A       100%        4
 Leda's Liquefaction      Hex/Erth       0%         N/A       100%        4
 Olgreb's Toxic Radiance  Pois           0%         N/A       100%        4
 Discord                  Hex            0%         N/A       100%        8
 Ignition                 Fire           0%         3d3       100%        8

Inventory:

Armour
 a - a +0 animal skin
 j - a +0 plate armour (worn)
   (You found it on level 2 of the Dungeon)
Talismans
 c - a beast talisman (active)
Scrolls
 e - 2 scrolls of noise {unknown}
 g - 3 scrolls of identify {unknown}
 i - a scroll of fear {unknown}
 k - a scroll of teleportation {unknown}
 l - a scroll of blinking {unknown}
 n - a scroll of brand weapon {unknown}
Potions
 b - 2 potions of lignification
 d - a potion of might {unknown}
 f - a potion of enlightenment {unknown}
 h - a potion of mutation {unknown}
 m - 2 potions of invisibility {unknown}

Dungeon Overview and Level Annotations

Branches:
Dungeon (3/15) Zot: 15784

Altars:

## .# .# .# ###### ..# .#
.. ..# #..# .###.###.##
###... .#.#.#..... ....#
.......#.##### ....#
...#.........#######...~#
#..#####.###....hwwrS..~#
..............######..~~~~#
#.######.#.#..# .S.~#~#
....†# #.#.#.... ...~~~#
#.##.# #.# ####. ....#~#
#.##.###.# .# ...~~~#
#........# # #...~~#
####.##### ...).. #..


You could see 2 worms, an adder and a rat.


Message History

Your hp is fully restored (32).
Key pressed, stopping explore.
n - a scroll labelled INLABBEJAU A hobgoblin comes into view.
You hear the slow rusting of a distant drain.
The hobgoblin shouts!
You hit the hobgoblin.
The hobgoblin hits you but does no damage.
You hit the hobgoblin.
You kill the hobgoblin!
No target in view!
Unknown command.
A bat comes into view.
A bat is nearby!
A bat is nearby!
The bat hits you but does no damage. You block the bat's attack.
You block the bat's attack. The bat hits you but does no damage.
You barely miss the bat. The bat hits you but does no damage.
You block the bat's attack.
You hit the bat. The bat hits you but does no damage.
The bat hits you but does no damage. You block the bat's attack.
You closely miss the bat. The bat hits you but does no damage.
The bat barely misses you.
A bat is nearby!
A bat is nearby!
You barely miss the bat. The bat hits you.
The bat hits you but does no damage. 😕 HP[-1]
You take 1 damage, and now have 31/32 hp.
You punch the bat!
You kill the bat!
No target in view!
Unknown command.
No target in view! 😎 HP[+1]
Your hp is fully restored (32).
A bat comes into view.
The bat barely misses you.
You barely miss the bat. The bat hits you but does no damage.
You miss the bat. The bat barely misses you. The bat hits you. 😕 HP[-1]
You take 1 damage, and now have 31/32 hp.
You barely miss the bat. The bat hits you but does no damage. x2
You hit the bat.
The bat hits you but does no damage. 😎 HP[+1]
Your hp is fully restored (32).
A worm comes into view.
The bat hits you but does no damage. The bat barely misses you.
An adder and a rat come into view.
The adder hisses angrily.
You block the bat's attack. The bat hits you but does no damage.
A worm comes into view.
Unknown command.
You hit the bat.
You kill the bat!
You see here a bat corpse.
The adder bites you but does no damage.
You closely miss the adder. The adder barely misses you.
You punch the adder! The adder completely misses you.
The adder bites you but does no damage.
You completely miss the adder. The adder bites you.
You are poisoned.
The adder poisons you! 😕 HP[-1]
You take 1 damage, and now have 31/32 hp.
You miss the adder.
You feel sick.
The adder bites you but does no damage. 😕 HP[-2]
You take 2 damage, and now have 29/32 hp.
You punch the adder!
You kill the adder!
You feel sick.
You have reached level 5!
Your demonic ancestry asserts itself...
A menacing aura infuses your magic. 😕 HP[+3] MP[+1]
You now have 37 max hp (+5).
You regained 3 hp, and now have 32/37 hp.
Your mp is fully restored (5).
An adder comes into view.
You feel sick.
The adder hisses angrily.
The worm bites you but does no damage.
You hit the worm. You block the worm's attack.
The rat bites you but does no damage.
Unknown command.
The rat attacks as you move away! You block the rat's attack.
You hear the slow rusting of a drain very nearby.
You feel sick. 😕 HP[-1]
You take 1 damage, and now have 31/37 hp.
You feel sick.
You are no longer poisoned.
You see here a bat corpse. 😕 HP[-1]
You take 1 damage, and now have 30/37 hp. 😕 HP[+1]
You barely miss the worm. The worm closely misses you.
You barely miss the worm. 😕 HP[+1] Are you sure you want to abandon this character and quit the game? (Confirm with "yes".)

Skill      XL: |  1  2  3 |
---------------+----------+-----
Unarmed Combat | 3 4 |  4.5
Shapeshifting  | 3 |  3.4
Fighting       | |  1.0
Dodging        | |  1.8

Action                     |  1- 3 |  4- 6 || total
---------------------------+-------+-------++-------
  Melee: Unarmed           |   134 |    84 ||   218
         Punch             |     2 |     1 ||     3
   Stab: Sleeping          |     3 |       ||     3
 Armour: Animal skin       |    24 |       ||    24
         Plate armour      |    12 |    63 ||    75
  Dodge: Dodged            |    85 |    21 ||   106
  Block: Other             |    31 |    21 ||    52

Levels and vault maps discovered:
D:1:      tarquinn_simple_flora_water_d, layout_loops_ring, minmay_misc_feat_x
D:2:      minmay_chambers_of_twos, layout_loops_ring
D:3:      layout_basic, hellmonk_ecumenical_altar_heavens_door,
          lightli_sewer_entry_pipes, reono_crystal_passage

Notes
Turn   | Place    | Note
-------+----------+-------------------------------------------
     0 | D:1      | ytrimaz the Demonspawn Shapeshifter began the quest for the
                  | Orb.
     0 | D:1      | Reached XP level 1. HP: 15/15 MP: 1/1
     0 | D:1      | magus.rc [v1.9.6]
   188 | D:1      | Reached skill level 3 in Unarmed Combat
   209 | D:1      | Gained mutation: A meltable shield of frost defends you.
                  | (SH +4) [demonic ancestry]
   209 | D:1      | Reached XP level 2. HP: 21/21 MP: 2/2
   429 | D:1      | Reached skill level 3 in Shapeshifting
   464 | D:1      | Reached XP level 3. HP: 19/26 MP: 3/3
   570 | D:1      | You pick up a book of the Hunter and begin reading...
   570 | D:1      | You add the spells Call Canine Familiar, Portal Projectile
                  | and Leda's Liquefaction to your library.
  1277 | D:2      | Reached skill level 4 in Unarmed Combat
  1277 | D:2      | Reached XP level 4. HP: 10/32 MP: 4/4
  1277 | D:2      | HP: 8/32 [gnoll/+0 spear (3)]
  1482 | D:2      | You add the spells Olgreb's Toxic Radiance, Ignition and
                  | Discord to your library.
  1680 | D:2      | Found the +6 shillelagh "Devastator" {shatter}
  1763 | D:2      | You pick up a book of Dreams and begin reading...
  1763 | D:2      | You add the spells Ensorcelled Hibernation and Anguish to
                  | your library.
  2222 | D:3      | Gained mutation: Spells you cast may paralyse adjacent
                  | enemies. [demonic ancestry]
  2222 | D:3      | Reached XP level 5. HP: 32/37 MP: 5/5
  2231 | D:3      | Quit the game

Vanquished Creatures
  3 gnolls (D:2)
  5 adders
  A worm (D:2)
  2 dart slugs
  9 bats
  5 endoplasms
  4 giant cockroaches (D:1)
  3 goblins
  6 hobgoblins
  4 jackals (D:1)
  4 kobolds
  5 quokkas
  4 ball pythons
  A frilled lizard (D:1)
  3 rats (D:2)
59 creatures vanquished.

Table legend:
 A = Non-vault XP
 B = Vault XP
 C = Vault XP percentage of total XP
 D = Non-vault monster count
 E = Vault monster count
 F = Vault count percentage of total count
                 A         B        C        D         E       F
            +---------+---------+-------+---------+---------+-------
      Total |     156 |      49 |  23.9 |      50 |       9 |  15.3
            +---------+---------+-------+---------+---------+-------
        D:1 |      51 |       0 |   0.0 |      26 |       0 |   0.0
        D:2 |      93 |      36 |  27.9 |      18 |       8 |  30.8
        D:3 |      12 |      13 |  52.0 |       6 |       1 |  14.3
            +---------+---------+-------+---------+---------+-------

Skill      XL: |  1  2  3 |
---------------+----------+-----
Unarmed Combat | 3 4 |  4.5
Shapeshifting  | 3 |  3.4
Fighting       | |  1.0
Dodging        | |  1.8

Action                     |  1- 3 |  4- 6 || total
---------------------------+-------+-------++-------
  Melee: Unarmed           |   134 |    84 ||   218
         Punch             |     2 |     1 ||     3
   Stab: Sleeping          |     3 |       ||     3
 Armour: Animal skin       |    24 |       ||    24
         Plate armour      |    12 |    63 ||    75
  Dodge: Dodged            |    85 |    21 ||   106
  Block: Other             |    31 |    21 ||    52

Illustrated notes

Table legend:
 A = Kills in this place as a percentage of kills in the entire game.
 B = Kills by you in this place as a percentage of kills by you in the entire game.
 C = Kills by friends in this place as a percentage of kills by friends in the entire game.
 D = Other kills in this place as a percentage of other kills in the entire game.
 E = Experience gained in this place as a percentage of experience gained in the entire game.
 F = Experience gained in this place divided by the number of levels of this place that you have seen.
                   A       B       C       D       E      F
               +-------+-------+-------+-------+-------+----------------------
         Total | 100.0 | 100.0 |   N/A |   N/A | 100.0 |  68.3
       Dungeon | 100.0 | 100.0 |   N/A |   N/A | 100.0 |  68.3
               +-------+-------+-------+-------+-------+----------------------

Table legend: (Time is in decaauts)
 A = Elapsed time spent in this place.
 B = Non-inter-level travel time spent in this place.
 C = Inter-level travel time spent in this place.
 D = Time resting spent in this place.
 E = Time spent auto-exploring this place.
 F = Levels seen in this place.
 G = Mean time per level.
                   A        B        C        D        E       F      G
               +--------+--------+--------+--------+--------+-----+--------+
         Total |   2215 |   2161 |     54 |      0 |   1709 |   3 |  738.3 |
       Dungeon |   2215 |   2161 |     54 |      0 |   1709 |   3 |  738.3 |
               +--------+--------+--------+--------+--------+-----+--------+

Top non-repeatable levels by time:
     D:2: 1081 daAuts
     D:1: 874 daAuts
     D:3: 259 daAuts
